 Dungeon Crawl Stone Soup version 0.21.1-1-g345015f (webtiles) character file.

16 letownia2 the Magician (level 2, 0/22 HPs)
             Began as a Merfolk Wizard on Mar 8, 2018.
             Slain by a bat (1 damage)
             ... on level 1 of the Dungeon.
             The game lasted 00:03:00 (430 turns).

letownia2 the Magician (Merfolk Wizard)              Turns: 430, Time: 00:03:01

Health: 0/22       AC:  2    Str:  7    XL:     2   Next: 54%
Magic:  1/6        EV: 13    Int: 17    God:
Gold:   27         SH:  0    Dex: 12    Spells: 4/7 levels left

rFire    . . .     SeeInvis .   a - +0 dagger
rCold    . . .     Gourm    .   (no shield)
rNeg     . . .     Faith    .   g - +0 robe
rPois    .         Spirit   .   e - +0 hat
rElec    .         Reflect  .   (no cloak)
rCorr    .         Harm     .   (no gloves)
MR       .....                  (no boots)
Stlth    ++........             (no amulet)
HPRegen  0.07/turn              (no ring)
MPRegen  0.10/turn              (no ring)

@: very slightly contaminated
A: change form in water, swift swim, stealthy swim
a: no special abilities


You were on level 1 of the Dungeon.
You were not hungry.

You visited 1 branch of the dungeon, and saw 3 of its levels.

You collected 27 gold pieces.

Inventory:

Hand Weapons
 a - a +0 dagger (weapon)
 b - a +0 lajatang
 k - a +0 dagger
Armour
 e - a +0 hat (worn)
 f - a +0 ring mail
 g - a +0 robe (worn)
Scrolls
 h - a scroll of identify {unknown}
Potions
 j - a potion of curing {unknown}
Books
 c - a book of Minor Magic

   Spells                             Type                      Level
   a - Magic Dart                     Conjuration                  1
   b - Blink                          Translocation                2
   c - Call Imp                       Summoning                    2
   d - Slow                           Hexes                        2
   e - Conjure Flame                  Conjuration/Fire             3
   f - Mephitic Cloud                 Conjuration/Poison/Air       3
 i - a book of Maledictions

   Spells                             Type                      Level
   a - Corona                         Hexes                        1
   b - Ensorcelled Hibernation        Hexes/Ice                    2
   c - Confuse                        Hexes                        3
   d - Tukima's Dance                 Hexes                        3
   e - Dazzling Spray                 Conjuration/Hexes            3
Comestibles
 d - a ration


   Skills:
 + Level 1.8 Fighting
 - Level 2.6 Dodging
 - Level 2.1 Stealth
 - Level 3.0 Spellcasting
 - Level 1.2 Conjurations
 - Level 1.0 Summonings
   Level 0.7 Translocations


You had 4 spell levels left.
You knew the following spells:

 Your Spells              Type           Power        Failure   Level  Hunger
a - Magic Dart            Conj           #...         11%         1    None
i - Call Imp              Summ           #.......     17%         2    ##.....


Dungeon Overview and Level Annotations

Branches:
Dungeon (3/15)

Altars:

Annotations:
D:2 Jessica


Message History

Unknown command.
Casting: Call Imp
Confirm with . or Enter, or press ? or * to list all spells.
Aiming: Magic Dart
Press: ? - help, Shift-Dir - straight line, f - bat
Aim: a bat The magic dart hits the bat.
The bat is moderately wounded.
The bat barely misses you.
The leopard gecko closely misses your crimson imp.
Unknown command.
Unknown command.
The bat barely misses you.
Your crimson imp hits the bat but does no damage.
The leopard gecko barely misses your crimson imp.
Unknown command.
The bat barely misses you.
Something barely misses your crimson imp.
The bat hits you.
You die...

...... #+# #
....... #.# #
.......##.# #
.......##.####
#............
#............
..##########
#............
.........5.#
#............
###..Kl#@#
#............
.........#b#
#............
..###....#.#
#..........##
####.#.#
#..........##
#.#.#
#.##.########
#.#.# #.##..## #
#.#.#. #.##...##
#
#.#.#..#.#..8..##
##
#...........#...


You could see a bat and a friendly crimson imp.

Vanquished Creatures
  A ball python (D:1)
  2 giant cockroaches
  A goblin (D:3)
  4 jackals
  A kobold (D:3)
  A bat (D:3)
  3 frilled lizards
  A rat (D:3)
14 creatures vanquished.

Vanquished Creatures (collateral kills)
  A kobold (D:3)
1 creature vanquished.

Grand Total: 15 creatures vanquished

Notes
Turn   | Place    | Note
-------+----------+-------------------------------------------
     0 | D:1      | letownia2 the Merfolk Wizard began the quest for the Orb.
     0 | D:1      | Reached XP level 1. HP: 13/13 MP: 4/4
    11 | D:1      | Reached skill level 1 in Conjurations
   124 | D:2      | Noticed Jessica
   139 | D:2      | Reached skill level 1 in Fighting
   139 | D:2      | Reached XP level 2. HP: 17/21 MP: 1/6
   275 | D:3      | Learned a level 2 spell: Call Imp
   424 | D:1      | HP: 1/22 [kobold/stone (3)]
   430 | D:1      | Slain by a bat

Skill      XL: |  1 |
---------------+----+-----
Conjurations   | 1 |  1.2
Fighting       | 1 |  1.8
Dodging        | |  2.6
Stealth        | |  2.1
Spellcasting   | |  3.0
Summonings     | |  1.0
Translocations | |  0.7

Action                   || total
-------------------------++-------
Melee: Unarmed           ||    13
       Dagger            ||    35
 Cast: Magic Dart        ||    28
       Call Imp          ||     4
Armor: Robe              ||    17
Dodge: Dodged            ||    53
